Match 47020151
Unlisted

Match 47020151
End
Engineer Squad
Selects Airborne Battlegroup
Selects Heavy Machine Gun Paradrop
Heavy Machine Gun Paradrop
Engineer Squad
Construct Weapon Support Center
Heavy Machine Gun Paradrop
Bazooka Squad
Selects Paratrooper Squad Paradrop
Paratrooper Squad Paradrop
Selects Recon Loiter
Construct Medical Station
Mechanized Support Center
Construct Motor Pool
M24 Chaffee Light Tank
Selects Supply Drop
M24 Chaffee Light Tank
Recon Loiter
Designate Forward Repair Station
M24 Chaffee Light Tank
Paratrooper Squad Paradrop
Recon Loiter
Selects Anti-tank Gun Team Paradrop
Anti-tank Gun Team Paradrop
Recon Loiter
M24 Chaffee Light Tank
Recon Loiter
Supply Drop
M24 Chaffee Light Tank
Recon Loiter
Selects Carpet Bombing Run
Construct Tank Depot
M4A1 Sherman Medium Tank
Supply Drop
Recon Loiter
Carpet Bombing Run
Recon Loiter
M4A1 Sherman Medium Tank
Supply Drop
Esxile
Bego
Basecoh3 @ Youtube
hello
0
0

Comments sign in to comment!

No comments posted yet!